Bulldogs vs Pirates

Created - Wednesday, December 17, 2014 at 23:18

Goals
1 2 3 T
Bulldogs 0 0 0 0
Pirates 0 1 0 1
Shots
1 2 3 T
Bulldogs 5 4 4 13
Pirates 5 12 9 26

1st period

No Goal

Penalties :
Brandon Segal (POR) for Roughing (Minor) at 8:08

2nd period

1. Pirates , Eric Tangradi 10 (Vincent LoVerde, Aaron Rome) at 7:09

Penalties :
No Penalty

3rd period

No Goal

Penalties :
David Steckel (POR) for Fighting (Major) at 3:48, B.J. Crombeen (Ham) for Fighting (Major) at 3:48, B.J. Crombeen (Ham) for instigated a fight (Minor) at 3:48, B.J. Crombeen (Ham) for instigated a fight (10 Minutes Misconduct) at 3:48, Cody McCormick (Ham) for Hooking (Minor) at 5:08

Goalie Stats

Jeff Zatkoff (Ham), 25 saves from 26 shots - (0.962), L, 15-5-3, 59:44 minutes
Magnus Hellberg (POR), 13 saves from 13 shots - (1.000), W, 1-0-0, 60:00 minutes

Players Stats for Bulldogs

Player Name              G  A  P  +/- PIM S  H  SB GA TA FO     MP     PP MP  PK MP  
------------------------------------------------------------------------------------
Andrew Bodnarchuk        0  0  0   0  0   0  0  0  0  0  0/0     1:00   0:00   0:00 
B.J. Crombeen            0  0  0  -1  17  0  1  0  0  0  0/0    16:44   0:50   0:00 
Brandon Yip              0  0  0   0  0   1  1  0  0  1  0/0    19:45   1:09   0:00 
Chris Conner             0  0  0   0  0   2  0  0  2  0  0/0     7:07   0:00   0:35 
Cody McCormick           0  0  0   0  2   1  2  0  1  1  3/8    13:50   1:09   1:19 
Derek Smith              0  0  0   0  0   0  0  0  0  0  0/0     7:25   0:00   0:00 
Jean-Francois Jacques    0  0  0   0  0   2  0  1  0  0  1/1    16:02   0:00   0:00 
Jordan Leopold           0  0  0  -1  0   0  0  0  2  1  0/0    21:22   0:28   1:14 
Mark Olver               0  0  0  -1  0   1  4  1  0  3  6/14   17:56   0:50   0:54 
Matt Hunwick             0  0  0   0  0   0  1  1  1  3  0/0    24:21   0:00   0:00 
Patrick Dwyer            0  0  0   0  0   1  1  2  0  0  0/1    20:25   1:09   2:05 
Patrick Kaleta           0  0  0   0  0   1  2  1  1  0  0/0    15:35   0:00   0:00 
Reece Scarlett           0  0  0   0  0   0  3  1  0  2  0/0    18:05   1:31   2:05 
Ryan Carter              0  0  0  -1  0   0  1  0  6  1  0/0    17:46   0:50   0:00 
Ryan Whitney             0  0  0  -1  0   1  2  1  0  2  0/0    24:22   0:28   2:05 
Steven Kampfer           0  0  0   0  0   0  1  1  0  0  0/0    23:25   1:31   1:14 
Tim Kennedy              0  0  0   0  0   3  3  0  2  0  3/9    16:08   0:00   1:05 
Trevor Smith             0  0  0   0  0   0  1  0  3  1  1/3    14:42   0:00   0:00 

Players Stats for Pirates

Player Name              G  A  P  +/- PIM S  H  SB GA TA FO     MP     PP MP  PK MP  
------------------------------------------------------------------------------------
Aaron Rome               0  1  1   0  0   1  0  0  3  2  0/0    24:07   1:39   0:21 
Andrew Alberts           0  0  0   0  0   1  3  2  0  1  0/0    22:28   1:39   1:08 
Arron Asham              0  0  0   0  0   1  0  0  3  0  1/1    17:06   0:00   1:36 
Bobby Butler             0  0  0   0  0   0  2  1  2  1  0/0    20:43   1:56   0:22 
Brandon Segal            0  0  0   1  2   0  4  1  1  0  0/0    19:02   1:23   0:00 
Dan Kelly                0  0  0   0  0   0  0  0  0  0  0/0     3:21   0:00   0:00 
David Steckel            0  0  0   0  5   4  1  1  2  0  6/10   19:08   0:00   0:22 
Eric Tangradi            1  0  1   1  0   2  5  0  2  0  0/0    17:42   1:23   0:00 
Greg Rallo               0  0  0   0  0   0  0  0  0  0  0/0     9:54   0:00   0:00 
Hal Gill                 0  0  0   1  0   3  2  1  0  0  0/0    25:00   1:40   0:50 
Henrik Tommernes         0  0  0   0  0   0  0  2  0  3  0/0    26:03   1:40   0:00 
Nick Johnson             0  0  0   0  0   3  1  0  1  2  1/1    18:16   0:22   0:41 
Peter Holland            0  0  0   1  0   4  2  1  2  0  8/12   19:14   1:23   0:34 
Ryan Craig               0  0  0   0  0   0  0  0  0  0  0/0     0:45   0:00   0:00 
Ryan Stoa                0  0  0   0  0   5  1  1  4  0  0/1    17:42   1:56   0:23 
Tobias Rieder            0  0  0   0  0   1  1  0  1  1  6/11   18:27   1:34   0:00 
Tyler Cuma               0  0  0   0  0   0  0  0  0  0  0/0     0:00   0:00   0:00 
Vincent LoVerde          0  1  1   1  0   1  1  0  0  0  0/0    19:01   0:00   1:39 

3 Stars

1 - Eric Tangradi (POR)
2 - Jeff Zatkoff (Ham)
3 - Magnus Hellberg (POR)

Power Play

Bulldogs - 0 on 1 Attempt(s) - 0.00%
Pirates - 0 on 2 Attempt(s) - 0.00%

Penalty Kill

Bulldogs - 2 on 2 Attempt(s) - 100.00% - Score 0 goal in Penalty Kill
Pirates - 1 on 1 Attempt(s) - 100.00% - Score 0 goal in Penalty Kill

Official

Referees : Unknown
Linesman : Unknown

Game Notes

David Steckel and B.J. Crombeen fight to a draw at 3:48 of 3rd period

Finance

Level 1 -- Attendance: 1399 (69.95%) -- Ticket Income $48,965
Level 2 -- Attendance: 769 (76.90%) -- Ticket Income $11,535
Total Attendance: 2168 (72.27%)
Total Ticket Income: $60,500
Other Income: $29,645
Total Income: $90,145

Bulldogs

5 vs 5 Forward 
   Center                   Left Wing                Right Wing               Time % Phy DF OF 
 1 Cody McCormick           Patrick Dwyer            Brandon Yip              35     1   2  2  
 2 Mark Olver               Ryan Carter              B.J. Crombeen            30     1   2  2  
 3 Tim Kennedy              Jean-Francois Jacques    Brandon Yip              22     1   2  2  
 4 Trevor Smith             Patrick Dwyer            Patrick Kaleta           13     1   2  2  

5 vs 5 Defense 
   Defense                  Defense                                           Time % Phy DF OF 
 1 Jordan Leopold           Ryan Whitney                                      35     1   2  2  
 2 Steven Kampfer           Matt Hunwick                                      30     1   2  2  
 3 Reece Scarlett           Matt Hunwick                                      22     1   2  2  
 4 Steven Kampfer           Ryan Whitney                                      13     1   2  2  

PowerPlay Forward 
   Center                   Left Wing                Right Wing               Time % Phy DF OF 
 1 Cody McCormick           Patrick Dwyer            Brandon Yip              60     1   2  2  
 2 Mark Olver               Ryan Carter              B.J. Crombeen            40     1   2  2  

PowerPlay Defense
   Defense                  Defense                                           Time % Phy DF OF 
 1 Jordan Leopold           Ryan Whitney                                      60     1   2  2  
 2 Steven Kampfer           Reece Scarlett                                    40     1   2  2  

Penalty Kill 4 Players Forward 
   Center                   Wing                     Time % Phy DF OF 
 1 Cody McCormick           Patrick Dwyer            60     1   2  2  
 2 Ryan Carter              B.J. Crombeen            40     1   2  2  

Penalty Kill 4 Players Defense
   Defense                  Defense                  Time % Phy DF OF 
 1 Reece Scarlett           Ryan Whitney             60     1   2  2  
 2 Steven Kampfer           Jordan Leopold           40     1   2  2  

Penalty Kill - 3 Players Forward 
   Forward                                           Time % Phy DF OF 
 1 B.J. Crombeen                                     60     1   2  2  
 2 Patrick Dwyer                                     40     1   2  2  

Penalty Kill - 3 Players Defense
   Defense                  Defense                  Time % Phy DF OF 
 1 Reece Scarlett           Ryan Whitney             60     1   2  2  
 2 Steven Kampfer           Jordan Leopold           40     1   2  2  

4 vs 4 Forward 
   Center                   Wing                     Time % Phy DF OF 
 1 Cody McCormick           Patrick Dwyer            60     1   2  2  
 2 Ryan Carter              B.J. Crombeen            40     1   2  2  

4 vs 4 Defense
   Defense                  Defense                  Time % Phy DF OF 
 1 Jordan Leopold           Ryan Whitney             60     1   2  2  
 2 Steven Kampfer           Reece Scarlett           40     1   2  2  

Last Minutes Offensive
   Center                   Left Wing                Right Wing               Defense                  Defense                  
   Cody McCormick           Patrick Dwyer            B.J. Crombeen            Jordan Leopold           Ryan Whitney             

Last Minutes Defensive
   Center                   Left Wing                Right Wing               Defense                  Defense                  
   Cody McCormick           Patrick Dwyer            B.J. Crombeen            Jordan Leopold           Ryan Whitney             

Goaltenders
Starting : Jeff Zatkoff             
Backup : Eric Hartzell            

Extra Forwards
Normal : Jean-Francois Jacques, Brandon Yip, Tim Kennedy - PP : Jean-Francois Jacques, Brandon Yip - PK : Tim Kennedy
Extra Defensemen
Normal : Reece Scarlett, Ryan Whitney, Steven Kampfer - PP : Reece Scarlett - PK : Ryan Whitney, Steven Kampfer
Penalty Shots
Brandon Yip, Patrick Dwyer, Ryan Carter, B.J. Crombeen, Cody McCormick

Pirates

5 vs 5 Forward 
   Center                   Left Wing                Right Wing               Time % Phy DF OF 
 1 David Steckel            Ryan Stoa                Bobby Butler             35     1   2  2  
 2 Peter Holland            Eric Tangradi            Brandon Segal            30     1   2  2  
 3 Tobias Rieder            Nick Johnson             Arron Asham              22     1   2  2  
 4 David Steckel            Bobby Butler             Greg Rallo               13     1   2  2  

5 vs 5 Defense 
   Defense                  Defense                                           Time % Phy DF OF 
 1 Hal Gill                 Henrik Tommernes                                  35     1   2  2  
 2 Aaron Rome               Andrew Alberts                                    30     1   2  2  
 3 Vincent LoVerde          Henrik Tommernes                                  22     1   2  2  
 4 Hal Gill                 Aaron Rome                                        13     1   2  2  

PowerPlay Forward 
   Center                   Left Wing                Right Wing               Time % Phy DF OF 
 1 David Steckel            Ryan Stoa                Bobby Butler             60     1   2  2  
 2 Peter Holland            Eric Tangradi            Brandon Segal            40     1   2  2  

PowerPlay Defense
   Defense                  Defense                                           Time % Phy DF OF 
 1 Hal Gill                 Henrik Tommernes                                  60     1   2  2  
 2 Aaron Rome               Andrew Alberts                                    40     1   2  2  

Penalty Kill 4 Players Forward 
   Center                   Wing                     Time % Phy DF OF 
 1 Bobby Butler             David Steckel            60     1   2  2  
 2 Brandon Segal            Ryan Stoa                40     1   2  2  

Penalty Kill 4 Players Defense
   Defense                  Defense                  Time % Phy DF OF 
 1 Hal Gill                 Vincent LoVerde          60     1   2  2  
 2 Aaron Rome               Andrew Alberts           40     1   2  2  

Penalty Kill - 3 Players Forward 
   Forward                                           Time % Phy DF OF 
 1 Bobby Butler                                      60     1   2  2  
 2 David Steckel                                     40     1   2  2  

Penalty Kill - 3 Players Defense
   Defense                  Defense                  Time % Phy DF OF 
 1 Hal Gill                 Vincent LoVerde          60     1   2  2  
 2 Aaron Rome               Andrew Alberts           40     1   2  2  

4 vs 4 Forward 
   Center                   Wing                     Time % Phy DF OF 
 1 Bobby Butler             David Steckel            60     1   2  2  
 2 Brandon Segal            Ryan Stoa                40     1   2  2  

4 vs 4 Defense
   Defense                  Defense                  Time % Phy DF OF 
 1 Hal Gill                 Henrik Tommernes         60     1   2  2  
 2 Aaron Rome               Andrew Alberts           40     1   2  2  

Last Minutes Offensive
   Center                   Left Wing                Right Wing               Defense                  Defense                  
   David Steckel            Ryan Stoa                Bobby Butler             Hal Gill                 Aaron Rome               

Last Minutes Defensive
   Center                   Left Wing                Right Wing               Defense                  Defense                  
   David Steckel            Ryan Stoa                Bobby Butler             Hal Gill                 Aaron Rome               

Goaltenders
Starting : Magnus Hellberg          
Backup : Christopher Gibson       

Extra Forwards
Normal : Tobias Rieder, Nick Johnson, Arron Asham - PP : Tobias Rieder, Nick Johnson - PK : Arron Asham
Extra Defensemen
Normal : Vincent LoVerde, Henrik Tommernes, Aaron Rome - PP : Vincent LoVerde - PK : Henrik Tommernes, Aaron Rome
Penalty Shots
Bobby Butler, David Steckel, Brandon Segal, Ryan Stoa, Peter Holland

% Time on Ice - Bulldogs

Lines # - Real PCT - Wanted PCT - Time Play
Normal Forward
1 - 19% - 35% - 10:22
2 - 32% - 30% - 17:18
3 - 21% - 22% - 11:20
4 - 27% - 13% - 14:42
Normal Defense
1 - 36% - 35% - 19:26
2 - 27% - 30% - 14:43
3 - 25% - 22% - 13:36
4 - 11% - 13% - 5:57
PP Forward
1 - 58% - 60% - 1:09
2 - 42% - 40% - 0:50
PP Defense
1 - 24% - 60% - 0:28
2 - 76% - 40% - 1:31
PK Forward
1 - 100% - 60% - 2:40
2 - 0% - 40% - 0:00
PK Defense
1 - 54% - 60% - 1:26
2 - 46% - 40% - 1:14
PK3 Forward
1 - 100% - 60% - 0:39
2 - 0% - 40% - 0:00
PK3 Defense
1 - 100% - 60% - 0:39
2 - 0% - 40% - 0:00
44 Forward
1 - 0% - 60%
2 - 0% - 40%
44 Defense
1 - 0% - 60%
2 - 0% - 40%
Last Minute Offensive  - 1:00
Last Minute Defensive  - 0:00
Total
Forward - 60:00
Defense - 60:00

% Time on Ice - Pirates

Lines # - Real PCT - Wanted PCT - Time Play
Normal Forward
1 - 26% - 35% - 14:08
2 - 31% - 30% - 16:34
3 - 27% - 22% - 14:26
4 - 16% - 13% - 8:34
Normal Defense
1 - 29% - 35% - 15:34
2 - 31% - 30% - 16:50
3 - 28% - 22% - 14:51
4 - 12% - 13% - 6:27
PP Forward
1 - 58% - 60% - 1:56
2 - 42% - 40% - 1:23
PP Defense
1 - 50% - 60% - 1:40
2 - 50% - 40% - 1:39
PK Forward
1 - 81% - 60% - 1:36
2 - 19% - 40% - 0:23
PK Defense
1 - 83% - 60% - 1:39
2 - 17% - 40% - 0:20
PK3 Forward
1 - 0% - 60%
2 - 0% - 40%
PK3 Defense
1 - 0% - 60%
2 - 0% - 40%
44 Forward
1 - 0% - 60%
2 - 0% - 40%
44 Defense
1 - 0% - 60%
2 - 0% - 40%
Last Minute Offensive  - 0:00
Last Minute Defensive  - 1:00
Total
Forward - 60:00
Defense - 60:00

Play by Play

1st period


0:01 of 1st period - Cody McCormick wins face-off versus Ryan Stoa in neutral zone.
0:22 of 1st period - Snap shot by Ryan Stoa.
0:22 of 1st period - Shot Misses the Net.
0:24 of 1st period - Slapshot by Hal Gill.
0:24 of 1st period - Stopped by Jeff Zatkoff without a rebound.
0:25 of 1st period - Peter Holland wins face-off versus Mark Olver in Bulldogs zone.
1:18 of 1st period - Tim Kennedy is hit by Andrew Alberts and loses puck.
1:41 of 1st period - Snap shot by Arron Asham.
1:41 of 1st period - Shot Blocked by Matt Hunwick.
2:00 of 1st period - Ryan Stoa is hit by Trevor Smith and loses puck.
2:07 of 1st period - Ryan Stoa is hit by Patrick Kaleta and loses puck.
3:05 of 1st period - Off-side.
3:06 of 1st period - Tobias Rieder wins face-off versus Patrick Dwyer in neutral zone.
4:23 of 1st period - Backhand shot by Eric Tangradi.
4:23 of 1st period - Stopped by Jeff Zatkoff with a rebound.
5:06 of 1st period - Snap shot by Nick Johnson.
5:06 of 1st period - Stopped by Jeff Zatkoff without a rebound.
5:07 of 1st period - Mark Olver wins face-off versus Tobias Rieder in Bulldogs zone.
5:38 of 1st period - Derek Smith is hit by Andrew Alberts and loses puck.
7:28 of 1st period - B.J. Crombeen is hit by Brandon Segal and loses puck.
8:08 of 1st period - Minor Penalty to Brandon Segal for Roughing.
8:09 of 1st period - Arron Asham wins face-off versus Mark Olver in Pirates zone.
8:09 of 1st period - Arron Asham is hit by Mark Olver.
8:37 of 1st period - Patrick Dwyer is hit by Nick Johnson and loses puck.
8:42 of 1st period - Slapshot by Nick Johnson.
8:42 of 1st period - Shot Misses the Net.
8:58 of 1st period - Snap shot by David Steckel.
8:58 of 1st period - Shot Blocked by Patrick Dwyer.
9:00 of 1st period - Wrist shot by David Steckel.
9:00 of 1st period - Stopped by Jeff Zatkoff with a rebound.
9:50 of 1st period - Andrew Alberts is hit by Ryan Carter and loses puck.
10:08 of 1st period - Penalty to Brandon Segal is over, Brandon Segal is back on ice.
10:16 of 1st period - Icing by Brandon Segal.
10:17 of 1st period - Mark Olver wins face-off versus Peter Holland in Pirates zone.
10:22 of 1st period - Snap shot by Mark Olver.
10:22 of 1st period - Stopped by Magnus Hellberg without a rebound.
10:23 of 1st period - Mark Olver wins face-off versus Tobias Rieder in Pirates zone.
10:44 of 1st period - Wrist shot by Jean-Francois Jacques.
10:44 of 1st period - Stopped by Magnus Hellberg with a rebound.
10:46 of 1st period - Snap shot by Patrick Kaleta.
10:46 of 1st period - Shot Misses the Net.
11:39 of 1st period - Snap shot by Tim Kennedy.
11:39 of 1st period - Shot Blocked by David Steckel.
11:41 of 1st period - Backhand shot by B.J. Crombeen.
11:41 of 1st period - Shot Misses the Net.
12:15 of 1st period - Steven Kampfer is hit by Vincent LoVerde.
12:23 of 1st period - Ryan Carter is hit by Eric Tangradi and loses puck.
13:25 of 1st period - Trevor Smith is hit by Brandon Segal and loses puck.
14:17 of 1st period - Snap shot by Chris Conner.
14:17 of 1st period - Stopped by Magnus Hellberg with a rebound.
14:19 of 1st period - Slapshot by Jean-Francois Jacques.
14:19 of 1st period - Shot Misses the Net.
14:53 of 1st period - Andrew Alberts is hit by Patrick Dwyer and loses puck.
15:00 of 1st period - Snap shot by Ryan Stoa.
15:00 of 1st period - Shot Misses the Net.
15:08 of 1st period - Hal Gill is hit by Brandon Yip and loses puck.
15:21 of 1st period - Mark Olver is hit by Eric Tangradi and loses puck.
15:28 of 1st period - Tobias Rieder is hit by B.J. Crombeen.
15:49 of 1st period - Off-side.
15:50 of 1st period - Peter Holland wins face-off versus Tim Kennedy in neutral zone.
16:39 of 1st period - Off-side.
16:40 of 1st period - Cody McCormick wins face-off versus Tobias Rieder in neutral zone.
16:43 of 1st period - Hal Gill is hit by Ryan Whitney and loses puck.
17:06 of 1st period - Slapshot by Ryan Stoa.
17:06 of 1st period - Stopped by Jeff Zatkoff with a rebound.
17:31 of 1st period - Trevor Smith is hit by Peter Holland and loses puck.
17:48 of 1st period - Snap shot by Nick Johnson.
17:48 of 1st period - Shot Misses the Net.
17:50 of 1st period - Wrist shot by Henrik Tommernes.
17:50 of 1st period - Shot Misses the Net.
18:36 of 1st period - Snap shot by Ryan Stoa.
18:36 of 1st period - Shot Misses the Net.
19:20 of 1st period - Slapshot by Tim Kennedy.
19:20 of 1st period - Stopped by Magnus Hellberg with a rebound.
19:22 of 1st period - Slapshot by Steven Kampfer.
19:22 of 1st period - Deflect By Tim Kennedy.
19:22 of 1st period - Stopped by Magnus Hellberg with a rebound.
Goals for this period are 0 for Bulldogs vs 0 for Pirates.
Shots for this period are 5 for Bulldogs vs 5 for Pirates.

2nd period


0:01 of 2nd period - David Steckel wins face-off versus Cody McCormick in neutral zone.
0:04 of 2nd period - Snap shot by Ryan Stoa.
0:04 of 2nd period - Deflect By David Steckel.
0:04 of 2nd period - Stopped by Jeff Zatkoff with a rebound.
2:12 of 2nd period - Snap shot by Peter Holland.
2:12 of 2nd period - Deflect By Eric Tangradi.
2:12 of 2nd period - Shot Hit the Post.
2:12 of 2nd period - Puck is out of play.
2:13 of 2nd period - Tim Kennedy wins face-off versus Peter Holland in Bulldogs zone.
2:19 of 2nd period - Icing by Matt Hunwick.
2:20 of 2nd period - Peter Holland wins face-off versus Tim Kennedy in Bulldogs zone.
2:33 of 2nd period - Snap shot by Brandon Segal.
2:33 of 2nd period - Shot Blocked by Jean-Francois Jacques.
3:08 of 2nd period - Hal Gill is hit by Mark Olver.
3:27 of 2nd period - Wrist shot by Bobby Butler.
3:27 of 2nd period - Shot Blocked by Patrick Kaleta.
3:55 of 2nd period - Andrew Alberts is hit by Reece Scarlett.
4:03 of 2nd period - Snap shot by Brandon Yip.
4:03 of 2nd period - Shot Blocked by Andrew Alberts.
4:45 of 2nd period - Hal Gill is hit by Patrick Kaleta and loses puck.
5:36 of 2nd period - Wrist shot by Peter Holland.
5:36 of 2nd period - Shot Misses the Net.
5:38 of 2nd period - Wrist shot by Brandon Segal.
5:38 of 2nd period - Deflect By Peter Holland.
5:38 of 2nd period - Stopped by Jeff Zatkoff with a rebound.
6:37 of 2nd period - Henrik Tommernes is hit by Tim Kennedy and loses puck.
6:42 of 2nd period - Snap shot by Ryan Whitney.
6:42 of 2nd period - Shot Misses the Net.
6:44 of 2nd period - Snap shot by Brandon Yip.
6:44 of 2nd period - Stopped by Magnus Hellberg with a rebound.
6:46 of 2nd period - Snap shot by Brandon Yip.
6:46 of 2nd period - Shot Blocked by Bobby Butler.
6:48 of 2nd period - Snap shot by Jean-Francois Jacques.
6:48 of 2nd period - Deflect By David Steckel.
6:48 of 2nd period - Shot Misses the Net.
6:48 of 2nd period - Puck is out of play.
6:49 of 2nd period - David Steckel wins face-off versus Tim Kennedy in Pirates zone.
6:49 of 2nd period - David Steckel is hit by Tim Kennedy.
7:03 of 2nd period - Snap shot by Eric Tangradi.
7:03 of 2nd period - Shot Blocked by Ryan Whitney.
7:05 of 2nd period - Slapshot by Aaron Rome.
7:05 of 2nd period - Shot Blocked by Mark Olver.
7:09 of 2nd period - Wrist shot by Eric Tangradi.
7:09 of 2nd period - Goal by Eric Tangradi - Bulldogs : 0 - Pirates : 1.
7:10 of 2nd period - Mark Olver wins face-off versus Peter Holland in neutral zone.
7:21 of 2nd period - Snap shot by Peter Holland.
7:21 of 2nd period - Stopped by Jeff Zatkoff with a rebound.
7:43 of 2nd period - Snap shot by Tim Kennedy.
7:43 of 2nd period - Stopped by Magnus Hellberg without a rebound.
7:44 of 2nd period - Tobias Rieder wins face-off versus Tim Kennedy in Pirates zone.
8:15 of 2nd period - Hal Gill is hit by Mark Olver and loses puck.
8:32 of 2nd period - Wrist shot by David Steckel.
8:32 of 2nd period - Stopped by Jeff Zatkoff with a rebound.
9:12 of 2nd period - Backhand shot by Vincent LoVerde.
9:12 of 2nd period - Stopped by Jeff Zatkoff with a rebound.
9:26 of 2nd period - Slapshot by Matt Hunwick.
9:26 of 2nd period - Deflect By Patrick Kaleta.
9:26 of 2nd period - Shot Blocked by Henrik Tommernes.
9:26 of 2nd period - Puck is out of play.
9:27 of 2nd period - Tim Kennedy wins face-off versus Tobias Rieder in Pirates zone.
10:33 of 2nd period - Off-side.
10:34 of 2nd period - Peter Holland wins face-off versus Tim Kennedy in neutral zone.
11:04 of 2nd period - Bobby Butler is hit by Cody McCormick and loses puck.
11:40 of 2nd period - Wrist shot by Arron Asham.
11:40 of 2nd period - Stopped by Jeff Zatkoff with a rebound.
11:42 of 2nd period - Wrist shot by Nick Johnson.
11:42 of 2nd period - Shot Blocked by Reece Scarlett.
13:32 of 2nd period - Wrist shot by Nick Johnson.
13:32 of 2nd period - Stopped by Jeff Zatkoff with a rebound.
14:47 of 2nd period - Slapshot by David Steckel.
14:47 of 2nd period - Stopped by Jeff Zatkoff with a rebound.
15:01 of 2nd period - Snap shot by Peter Holland.
15:01 of 2nd period - Shot Misses the Net.
15:25 of 2nd period - Patrick Kaleta is hit by Hal Gill and loses puck.
15:52 of 2nd period - Peter Holland is hit by Ryan Whitney and loses puck.
16:15 of 2nd period - Off-side.
16:16 of 2nd period - David Steckel wins face-off versus Mark Olver in neutral zone.
16:50 of 2nd period - Icing by Matt Hunwick.
16:51 of 2nd period - Peter Holland wins face-off versus Trevor Smith in Bulldogs zone.
17:00 of 2nd period - Brandon Segal is hit by Matt Hunwick and loses puck.
17:25 of 2nd period - Snap shot by Bobby Butler.
17:25 of 2nd period - Shot Blocked by Patrick Dwyer.
17:27 of 2nd period - Snap shot by Ryan Stoa.
17:27 of 2nd period - Stopped by Jeff Zatkoff with a rebound.
17:29 of 2nd period - Wrist shot by Tobias Rieder.
17:29 of 2nd period - Deflect By Brandon Yip.
17:29 of 2nd period - Shot Misses the Net.
17:29 of 2nd period - Puck is out of play.
17:30 of 2nd period - Tobias Rieder wins face-off versus Mark Olver in Bulldogs zone.
17:31 of 2nd period - Wrist shot by Bobby Butler.
17:31 of 2nd period - Shot Blocked by Steven Kampfer.
17:33 of 2nd period - Snap shot by Ryan Stoa.
17:33 of 2nd period - Stopped by Jeff Zatkoff without a rebound.
17:34 of 2nd period - Tobias Rieder wins face-off versus Mark Olver in Bulldogs zone.
17:38 of 2nd period - Icing by Mark Olver.
17:39 of 2nd period - Mark Olver wins face-off versus Tobias Rieder in Bulldogs zone.
17:44 of 2nd period - Snap shot by Mark Olver.
17:44 of 2nd period - Shot Misses the Net.
18:28 of 2nd period - Wrist shot by Patrick Kaleta.
18:28 of 2nd period - Shot Blocked by Henrik Tommernes.
18:30 of 2nd period - Snap shot by Patrick Dwyer.
18:30 of 2nd period - Stopped by Magnus Hellberg with a rebound.
18:32 of 2nd period - Wrist shot by Patrick Kaleta.
18:32 of 2nd period - Shot Misses the Net.
18:34 of 2nd period - Snap shot by Patrick Kaleta.
18:34 of 2nd period - Stopped by Magnus Hellberg without a rebound.
18:35 of 2nd period - Trevor Smith wins face-off versus David Steckel in Pirates zone.
18:48 of 2nd period - Slapshot by Matt Hunwick.
18:48 of 2nd period - Deflect By Trevor Smith.
18:48 of 2nd period - Shot Misses the Net.
18:48 of 2nd period - Puck is out of play.
18:49 of 2nd period - David Steckel wins face-off versus Mark Olver in Pirates zone.
18:49 of 2nd period - David Steckel is hit by Mark Olver.
19:37 of 2nd period - Slapshot by Peter Holland.
19:37 of 2nd period - Stopped by Jeff Zatkoff without a rebound.
19:38 of 2nd period - Tim Kennedy wins face-off versus David Steckel in Bulldogs zone.
19:38 of 2nd period - Tim Kennedy is hit by Hal Gill.
Goals for this period are 0 for Bulldogs vs 1 for Pirates.
Shots for this period are 4 for Bulldogs vs 12 for Pirates.

3rd period


0:01 of 3rd period - David Steckel wins face-off versus Cody McCormick in neutral zone.
0:08 of 3rd period - Slapshot by Ryan Stoa.
0:08 of 3rd period - Stopped by Jeff Zatkoff with a rebound.
0:30 of 3rd period - Hal Gill is hit by Cody McCormick and loses puck.
0:35 of 3rd period - Snap shot by Brandon Yip.
0:35 of 3rd period - Deflect By Ryan Stoa.
0:35 of 3rd period - Shot Misses the Net.
0:35 of 3rd period - Puck is out of play.
0:36 of 3rd period - Peter Holland wins face-off versus Mark Olver in Pirates zone.
0:58 of 3rd period - Slapshot by Aaron Rome.
0:58 of 3rd period - Stopped by Jeff Zatkoff with a rebound.
2:46 of 3rd period - Off-side.
2:47 of 3rd period - Peter Holland wins face-off versus Cody McCormick in neutral zone.
2:56 of 3rd period - Wrist shot by Peter Holland.
2:56 of 3rd period - Stopped by Jeff Zatkoff with a rebound.
3:09 of 3rd period - Slapshot by Eric Tangradi.
3:09 of 3rd period - Shot Misses the Net.
3:21 of 3rd period - Wrist shot by Ryan Carter.
3:21 of 3rd period - Shot Blocked by Peter Holland.
3:23 of 3rd period - Slapshot by Ryan Whitney.
3:23 of 3rd period - Stopped by Magnus Hellberg without a rebound.
3:24 of 3rd period - Mark Olver wins face-off versus David Steckel in Pirates zone.
3:48 of 3rd period - David Steckel and B.J. Crombeen fight to a draw.
3:48 of 3rd period - Penalty to David Steckel for Fighting.
3:48 of 3rd period - Penalty to B.J. Crombeen for Fighting.
3:48 of 3rd period - Penalty to B.J. Crombeen for instigated a fight.
3:48 of 3rd period - Penalty to B.J. Crombeen for instigated a fight.
3:49 of 3rd period - Tobias Rieder wins face-off versus Cody McCormick in neutral zone.
4:40 of 3rd period - Ryan Whitney is hit by Andrew Alberts.
4:48 of 3rd period - Jordan Leopold is hit by Brandon Segal and loses puck.
5:08 of 3rd period - Minor Penalty to Cody McCormick for Hooking.
5:09 of 3rd period - Tobias Rieder wins face-off versus Tim Kennedy in Bulldogs zone.
5:13 of 3rd period - Slapshot by Tobias Rieder.
5:13 of 3rd period - Stopped by Jeff Zatkoff with a rebound.
5:48 of 3rd period - Penalty to B.J. Crombeen is over, Chris Conner is send on ice.
5:51 of 3rd period - Eric Tangradi is hit by Tim Kennedy and loses puck.
5:58 of 3rd period - Chris Conner is hit by Brandon Segal.
6:20 of 3rd period - Aaron Rome is hit by Reece Scarlett and loses puck.
6:37 of 3rd period - Snap shot by Nick Johnson.
6:37 of 3rd period - Stopped by Jeff Zatkoff with a rebound.
6:39 of 3rd period - Slapshot by Hal Gill.
6:39 of 3rd period - Stopped by Jeff Zatkoff with a rebound.
7:07 of 3rd period - Jordan Leopold is hit by Eric Tangradi and loses puck.
7:08 of 3rd period - Penalty to Cody McCormick is over, Cody McCormick is back on ice.
7:44 of 3rd period - Slapshot by Jean-Francois Jacques.
7:44 of 3rd period - Stopped by Magnus Hellberg with a rebound.
7:54 of 3rd period - Matt Hunwick is hit by Tobias Rieder and loses puck.
9:07 of 3rd period - Snap shot by David Steckel.
9:07 of 3rd period - Deflect By Bobby Butler.
9:07 of 3rd period - Shot Misses the Net.
9:07 of 3rd period - Puck is out of play.
9:08 of 3rd period - David Steckel wins face-off versus Mark Olver in Bulldogs zone.
9:32 of 3rd period - Snap shot by Brandon Yip.
9:32 of 3rd period - Shot Misses the Net.
9:34 of 3rd period - Wrist shot by Cody McCormick.
9:34 of 3rd period - Deflect By Brandon Yip.
9:34 of 3rd period - Shot Blocked by Brandon Segal.
9:34 of 3rd period - Puck is out of play.
9:35 of 3rd period - Cody McCormick wins face-off versus Peter Holland in Pirates zone.
9:36 of 3rd period - Slapshot by Matt Hunwick.
9:36 of 3rd period - Shot Blocked by Hal Gill.
9:46 of 3rd period - Mark Olver is hit by Eric Tangradi.
10:14 of 3rd period - Aaron Rome is hit by Steven Kampfer and loses puck.
11:42 of 3rd period - Ryan Whitney is hit by Ryan Stoa and loses puck.
13:05 of 3rd period - Ryan Carter is hit by Eric Tangradi and loses puck.
13:37 of 3rd period - Backhand shot by Brandon Yip.
13:37 of 3rd period - Shot Misses the Net.
14:08 of 3rd period - Icing by Patrick Kaleta.
14:09 of 3rd period - Peter Holland wins face-off versus Trevor Smith in Bulldogs zone.
14:25 of 3rd period - Off-side.
14:26 of 3rd period - Jean-Francois Jacques wins face-off versus David Steckel in neutral zone.
14:36 of 3rd period - Ryan Whitney is hit by Bobby Butler and loses puck.
16:38 of 3rd period - Snap shot by Chris Conner.
16:38 of 3rd period - Stopped by Magnus Hellberg with a rebound.
16:40 of 3rd period - Wrist shot by Cody McCormick.
16:40 of 3rd period - Deflect By Ryan Stoa.
16:40 of 3rd period - Stopped by Magnus Hellberg with a rebound.
17:08 of 3rd period - Steven Kampfer is hit by Peter Holland and loses puck.
17:31 of 3rd period - Trevor Smith is hit by Bobby Butler and loses puck.
17:50 of 3rd period - Reece Scarlett is hit by David Steckel and loses puck.
18:02 of 3rd period - Greg Rallo is hit by Reece Scarlett and loses puck.
18:48 of 3rd period - 10 Minutes Misconduct Penalty to B.J. Crombeen is over.
19:20 of 3rd period - Wrist shot by Ryan Stoa.
19:20 of 3rd period - Stopped by Jeff Zatkoff with a rebound.
19:22 of 3rd period - Wrist shot by Hal Gill.
19:22 of 3rd period - Stopped by Jeff Zatkoff with a rebound.
19:24 of 3rd period - Slapshot by Andrew Alberts.
19:24 of 3rd period - Deflect By Cody McCormick.
19:24 of 3rd period - Stopped by Jeff Zatkoff with a rebound.
19:28 of 3rd period - Snap shot by Nick Johnson.
19:28 of 3rd period - Deflect By Greg Rallo.
19:28 of 3rd period - Shot Misses the Net.
19:28 of 3rd period - Puck is out of play.
19:29 of 3rd period - Tony Granato call a timeout for Bulldogs.
19:29 of 3rd period - Nick Johnson wins face-off versus Cody McCormick in Bulldogs zone.
19:44 of 3rd period - Bulldogs, Jeff Zatkoff is pulled from the net.
19:46 of 3rd period - Snap shot by Cody McCormick.
19:46 of 3rd period - Shot Misses the Net.
19:48 of 3rd period - Slapshot by Cody McCormick.
19:48 of 3rd period - Shot Misses the Net.
19:50 of 3rd period - Slapshot by Andrew Bodnarchuk.
19:50 of 3rd period - Shot Misses the Net.
19:52 of 3rd period - Snap shot by Patrick Dwyer.
19:52 of 3rd period - Shot Blocked by Andrew Alberts.
19:54 of 3rd period - Backhand shot by Andrew Bodnarchuk.
19:54 of 3rd period - Shot Blocked by Ryan Stoa.
19:56 of 3rd period - Slapshot by Andrew Bodnarchuk.
19:56 of 3rd period - Shot Misses the Net.
19:58 of 3rd period - Slapshot by Derek Smith.
19:58 of 3rd period - Shot Misses the Net.
Goals for this period are 0 for Bulldogs vs 0 for Pirates.
Shots for this period are 4 for Bulldogs vs 9 for Pirates.


Output by the SimonT Hockey Simulator (STHS) for Eric Dolegowski -- Original Page W3C XHTML 1.0 Valid
Hockey Simulator - Hockey Simulation - Hockey Manager